 Dungeon Crawl Stone Soup version 0.25-a0-365-g7600c65aa0 (webtiles) character file.

Game seed: 6529927697172406446, levelgen mode: deterministic

72125 Flugkiller the Nimble (level 15, -33/101 HPs)
             Began as an Octopode Wanderer on Jan 5, 2020.
             Was the Champion of Fedhas.
             Killed from afar by an ogre mage (70 damage)
             ... with a crystal spear
             ... on level 15 of the Dungeon.
             The game lasted 01:33:08 (40975 turns).

Flugkiller the Nimble (Octopode Wanderer)          Turns: 40975, Time: 01:33:09

Health: -33/101    AC:  2    Str: 17    XL:     15   Next: 39%
Magic:  14/27      EV: 25    Int: 19    God:    Fedhas [******]
Gold:   976        SH:  0    Dex: 24    Spells: 3/31 levels left

rFire    + . .     SeeInvis +   a - +8 spear "Banisher" {freeze, rPois Int+2}
rCold    . . .     Gourm    .   (no shield)
rNeg     + . .     Faith    .   (helmet restricted)
rPois    +         Spirit   .   u - amulet of the acrobat
rElec    .         Reflect  .   p - +1 ring of protection
rCorr    .         Harm     .   A - +3 ring of dexterity
MR       +....                  K - ring of stealth
Stlth    +++++.....             P - ring of protection from fire
HPRegen  0.26/turn              R - ring of see invisible
MPRegen  0.20/turn              x - ring of positive energy
                                q - +5 ring of strength
                                g - +6 ring of dexterity

@: about to teleport
A: almost no armour, stealthy swim, amphibious, 8 rings, constrict 8, camouflage
1, mutation resistance 1, wild magic 1, gelatinous body 1
a: Wall of Briars, Grow Ballistomycete, Overgrow, Grow Oklob, Renounce Religion


You were on level 15 of the Dungeon.
You worshipped Fedhas.
Fedhas was exalted by your worship.
You were not hungry.

You visited 3 branches of the dungeon, and saw 22 of its levels.
You also visited: Sewer and Ice Cave.

You collected 1995 gold pieces.
You spent 1019 gold pieces at shops.

Inventory:

Hand Weapons
 a - the +8 spear "Banisher" (weapon) {freeze, rPois Int+2}
   (You bought it in a shop on level 9 of the Dungeon)

   It has been specially enchanted to freeze those struck by it, causing extra
   injury to most foes and up to half again as much damage against particularly
   susceptible opponents.
   It can also slow down cold-blooded creatures.
   It affects your intelligence (+2).
   It protects you from poison.
 b - the +4 hand crossbow of Scorn {penet, MR+}
   (You found it on level 13 of the Dungeon)

   Ammo fired by it will pass through the targets it hits, potentially hitting
   all targets in its path until it reaches maximum range.
   It affects your resistance to hostile enchantments.
 F - a +2 trident of piercing
   (You found it on level 10 of the Dungeon)
 W - a +3 arbalest of velocity
   (You found it on level 6 of the Lair of Beasts)
Missiles
 c - 3 throwing nets (quivered)
 i - 41 bolts
Jewellery
 g - a +6 ring of dexterity (on tentacle)
   (You found it on level 15 of the Dungeon)
 p - a +1 ring of protection (left tentacle)
   (You found it on level 1 of the Dungeon)
 q - a +5 ring of strength (on tentacle)
   (You found it on level 10 of the Dungeon)
 u - an amulet of the acrobat (around mantle)
   (You found it on level 2 of the Dungeon)
 x - a ring of positive energy (on tentacle)
   (You found it on level 1 of the Lair of Beasts)
 A - a +3 ring of dexterity (right tentacle)
   (You took it off an orc on level 3 of the Dungeon)
 J - an uncursed ring of resist corrosion
   (You found it on level 14 of the Dungeon)
 K - a ring of stealth (on tentacle)
   (You found it in a sewer)
 P - a ring of protection from fire (on tentacle)
   (You found it on level 7 of the Dungeon)
 R - a ring of see invisible (on tentacle)
   (You found it on level 8 of the Dungeon)
Wands
 s - a wand of disintegration (4)
   (You found it on level 5 of the Dungeon)
 y - a wand of clouds (1)
   (You found it on level 1 of the Lair of Beasts)
 H - a wand of enslavement (14)
   (You found it on level 6 of the Lair of Beasts)
 M - a wand of polymorph (2)
   (You found it on level 9 of the Dungeon)
 N - a wand of iceblast (1)
   (You found it on level 8 of the Dungeon)
 U - a wand of acid (5)
   (You found it on level 6 of the Lair of Beasts)
 Z - a wand of paralysis (11)
   (You bought it in a shop on level 12 of the Dungeon)
Scrolls
 f - 3 scrolls of enchant weapon
 h - 3 scrolls of enchant armour
 j - a scroll of summoning
 m - 11 scrolls of teleportation
 o - a scroll of fog
 v - a scroll of silence
 B - 3 scrolls of immolation
 C - 12 scrolls of remove curse
 D - 3 scrolls of magic mapping
 L - a scroll of fear
 O - 7 scrolls of vulnerability
 S - 5 scrolls of identify
 T - a scroll of blinking
 X - a scroll of acquirement
 Y - a scroll of amnesia
Potions
 e - 3 potions of berserk rage
 k - a potion of lignification
 l - 2 potions of invisibility
 n - 2 potions of agility
 r - 9 potions of flight
 t - 10 potions of might
 w - 2 potions of magic
 z - a potion of ambrosia
 E - 2 potions of haste
 G - a potion of brilliance
 V - a potion of mutation
Miscellaneous
 I - a lightning rod (4/4)
   (You found it on level 5 of the Lair of Beasts)
Comestibles
 d - 23 rations
 Q - a chunk of flesh


   Skills:
 + Level 9.2 Fighting
 + Level 10.8 Polearms
 - Level 1.0 Throwing
 + Level 11.7 Dodging
 - Level 4.1 Stealth
 + Level 8.6 Spellcasting
 + Level 3.7 Hexes
 + Level 6.3 Summonings
 - Level 10.0 Necromancy
   Level 2.0 Transmutations
 - Level 5.7 Ice Magic
 - Level 5.5 Air Magic
 + Level 9.6 Invocations
 - Level 5.1 Evocations


You had 3 spell levels left.
You knew the following spells:

 Your Spells              Type           Power        Failure   Level  Hunger
a - Confusing Touch       Hex            ####..       3%          1    None
b - Animate Skeleton      Necr           N/A          1%          1    None
c - Vampiric Draining     Necr           ######....   1%          3    None
d - Animate Dead          Necr           N/A          2%          4    ###....
e - Agony                 Necr           ######..     6%          5    #####..
f - Ozocubu's Armour      Chrm/Ice       ###.....     12%         3    None
g - Summon Lightning Spi  Summ/Air       #####...     12%         4    ###....
h - Swiftness             Chrm/Air       ###.....     7%          2    None
i - Summon Mana Viper     Hex/Summ       #####...     38%         5    #####..

Your spell library contained the following spells:

 Spells                   Type           Power        Failure   Level  Hunger
 Freeze                   Ice            ####         1%          1    None
 Pain                     Necr           ####         1%          1    None
 Summon Butterflies       Summ           #####...     1%          1    None
 Corona                   Hex            ####...      3%          1    None
 Ensorcelled Hibernation  Hex/Ice        ####..       3%          2    None
 Call Canine Familiar     Summ           #####...     3%          3    None
 Shock                    Conj/Air       ###.         4%          1    None
 Confuse                  Hex            ####....     9%          3    None
 Tukima's Dance           Hex            ####....     9%          3    None
 Foxfire                  Conj/Fire      ##..         13%         1    None
 Sandblast                Erth           ##....       13%         1    None
 Passwall                 Tmut/Erth      ###.....     13%         2    None
 Static Discharge         Conj/Air       ###.....     13%         3    None
 Dazzling Flash           Conj/Hex       ###...       17%         3    None
 Inner Flame              Hex/Fire       ###.....     17%         3    None
 Conjure Flame            Conj/Fire      ##......     34%         3    None
 Gell's Gravitas          Tloc           ##........   34%         3    None
 Stone Arrow              Conj/Erth      ##....       34%         3    None
 Summon Ice Beast         Ice/Summ       #####...     11%         4    ###....
 Airstrike                Air            #####.....   13%         4    ###....
 Cause Fear               Hex            ####......   26%         4    ###....
 Hailstorm                Conj/Ice       ###.....     34%         4    ###....
 Metabolic Englaciation   Hex/Ice        ####......   43%         5    #####..
 Silence                  Hex/Air        ####......   43%         5    #####..
 Petrify                  Tmut/Erth      ###.....     58%         4    ###....
 Lightning Bolt           Conj/Air       ###.......   67%         5    #####..
 Yara's Violent Unravell  Hex/Tmut       ###.......   67%         5    #####..
 Sticky Flame             Conj/Fire      ##......     73%         4    ###....
 Fireball                 Conj/Fire      ##........   96%         5    #####..
 Lee's Rapid Deconstruct  Erth           ##........   96%         5    #####..
 Conjure Ball Lightning   Conj/Air       ###.......   99%         6    ######.
 Deflect Missiles         Chrm/Air       ###.......   99%         6    ######.
 Summon Hydra             Summ           #####.....   100%        7    #######
 Discord                  Hex            ####......   100%        8    #######
 Tornado                  Air            #####.....   100%        9    #######


Dungeon Overview and Level Annotations

Branches:
Dungeon (15/15)            Temple (1/1) D:5            Lair (6/6) D:9
  Swamp (0/4) Lair:4       Spider (0/4) Lair:4        Slime (0/5) Lair:5
    Orc (0/2) D:11         Vaults (0/5) D:14          Sewer (visited)
  IceCv (visited)
 Depths: D:15

Altars:
Ashenzari
Cheibriados
Dithmenos
Elyvilon
Fedhas
Gozag
Hepliaklqana
Kikubaaqudgha
Makhleb
Nemelex Xobeh
Okawaru
Qazlal
Ru
Sif Muna
Trog
Uskayaw
Vehumet
Wu Jian
Xom
Yredelemnul
Zin
The Shining One

Shops:
D:8 [   D:9 (   D:12 }

Annotations:
D:3 3 runed translucent doors, Error4North's ghost, amateur HOFi
D:5 Ijyb
D:6 exclusion: upstairs
D:8 exclusion: downstairs
D:9 exclusion: tengu warrior
D:12 Rupert
D:15 exclusion: door


Innate Abilities, Weirdness & Mutations

You cannot wear most types of armour.
You are very stealthy in the water. (Stealth+)
You are amphibious.
You can wear up to eight rings at the same time.
You can use your tentacles to constrict eight enemies at once.
Your skin changes colour to match your surroundings (Stealth+).
Your rubbery body absorbs attacks. (AC +1, EV +1)
You are somewhat resistant to further mutation.
Your spells are a little harder to cast, but a little more powerful.


Message History

Casting: Vampiric Draining (safe; 1% risk of failure)
Confirm with . or Enter, or press ? or * to list all spells.
Aiming: Vampiric Draining (safe; 1% risk of failure)
Press: ? - help, Shift-Dir - straight line, f/p - centaur warrior
Aim: a centaur warrior, quivering 10 arrows (severely wounded)
The centaur warrior is almost dead.
You feel life coursing into your body. The centaur warrior hits you!
* * * LOW HITPOINT WARNING * * *
The centaur warrior hits you.
* * * LOW HITPOINT WARNING * * *
Casting: Vampiric Draining (safe; 1% risk of failure)
Confirm with . or Enter, or press ? or * to list all spells.
Aiming: Vampiric Draining (safe; 1% risk of failure)
Press: ? - help, Shift-Dir - straight line, f/p - centaur warrior
Aim: a centaur warrior, quivering 10 arrows (almost dead)
You kill the centaur warrior!
Fedhas accepts your kill.
You feel life coursing into your body.
Unknown command.
Things that are here:
a +0 longbow; 10 arrows; a centaur corpse
Casting: Vampiric Draining (safe; 1% risk of failure)
Confirm with . or Enter, or press ? or * to list all spells.
You attempt to give life to the dead...
Before your eyes, flesh is ripped from the corpse!
The dead are walking!
Q - a chunk of flesh
Things that are here:
a +0 longbow; 10 arrows A two-headed ogre comes into view.
It is wielding a -2 giant club and a +0 giant spiked club.
You see here an arrow.
A two-headed ogre comes into view.
It is wielding two +0 giant spiked clubs.
The ogre mage casts a spell at you. The crystal spear misses you.
Unknown command.
You swap places.
The two-headed ogre hits your centaur warrior skeleton with a cursed -2 giant club!!
The two-headed ogre hits your centaur warrior skeleton with a +0 giant spiked club!
Press: ? - help, v - describe, . - travel The floor.
Things that are here:
a +0 longbow; 10 arrows Unknown command.
As you read the scroll of teleportation, it crumbles to dust.
You feel strangely unstable.
The ogre mage points at you and mumbles some strange words.
The crystal spear hits you!!!
Ouch! That really hurt!
You die...
Fedhas appreciates your contribution to the ecosystem.

#$.........# .....
#.....)..### #..
#........# #..
#......?.# #..
#.....O..##### #.[
#......O.....# #..
#....O.......# ####..
#...(Z.......# #.....
#....@.......# #.....
#.......................
#.......................
#...........#...........
+.?.........#.....!.....
#.?.........# .......###
............# ....
............# ..


You could see 2 two-headed ogres, an ogre mage and a friendly centaur warrior
skeleton.

Vanquished Creatures
  A frost giant (IceCv)
  2 dire elephants (Lair:6)
  8 hydras
  A catoblepas (Lair:6)
  2 centaur warriors
  3 death yaks (Lair:6)
  3 two-headed ogres
  Urug (D:14)
  An unseen horror (D:13)
  A swamp dragon (Lair:6)
  2 lindwurms (Lair:6)
  Pikel (D:6)
  A deep elf mage (D:15)
  14 ugly things
  An orb spider (Lair:4)
  4 cyclopes
  12 elephants
  6 slime creatures (D:13)
  2 black mambas
  2 manticores
  2 naga magi (D:15)
  Psyche (D:9)
  9 rime drakes
  9 spiny frogs
  5 komodo dragons
  12 polar bears
  5 trolls
  2 hornets
  Grinder (Sewer)
  15 blink frogs
  2 dream sheep (Lair:6)
  5 hippogriffs
  39 yaks
  2 shadows
  A spriggan (D:9)
  A tarantella (shapeshifter) (D:14)
  2 basilisks (Lair:6)
  12 humans (D:14)
  8 vampire mosquitoes
  An acid dragon (Lair:6)
  8 water moccasins
  10 porcupines
  A sky beast (D:10)
  3 ice beasts
  4 orc warriors
  2 slaves (D:6)
  An eye of draining (D:11)
  2 phantoms
  A necrophage (Sewer)
  5 ogres
  22 wolves
  8 centaurs
  16 crocodiles
  2 big kobolds (Sewer)
  15 bullfrogs
  2 scorpions
  2 wyvern skeletons (D:11)
  An oklob sapling (D:5)
  10 killer bees
  6 wights
  5 howler monkeys
  2 electric eels
  4 bullfrog zombies
  2 centaur zombies
  3 jellies
  6 crimson imps
  A quasit (D:12)
  2 centaur skeletons
  6 hounds
  8 orc priests
  9 orc wizards
  A bullfrog skeleton (D:5)
  4 iguanas
  6 worker ants
  4 big kobold zombies (Sewer)
  A hound skeleton (D:6)
  4 worker ant zombies
  3 gnolls (D:7)
  A howler monkey skeleton (D:6)
  13 adders
  5 river rats
  6 shadow imps
  An ufetubus (Sewer)
  4 oozes
  3 adder zombies
  An adder skeleton (D:4)
  3 dart slugs (D:1)
  7 worms
  6 leopard geckos
  33 orcs
  4 ball pythons
  10 bats
  A bat zombie (Sewer)
  5 giant cockroaches
  7 goblins
  5 hobgoblins
  19 jackals
  26 kobolds
  7 quokkas
  A frilled lizard (D:1)
  A jackal skeleton (D:6)
  A kobold zombie (Sewer)
  2 quokka skeletons
  4 rats
  A ballistomycete spore (Lair:1)
  A plant (D:5)
572 creatures vanquished.

Vanquished Creatures (collateral kills)
  A fire dragon (Lair:6)
  A hydra (Lair:3)
  A centaur warrior (D:14)
  3 two-headed ogres
  An ugly thing (D:15)
  2 elephants (Lair:5)
  4 black mambas
  A centaur zombie (D:8)
  Joseph (Lair:1)
  A naga mage (D:15)
  3 spiny frogs
  4 rime drakes
  A komodo dragon (Lair:6)
  An efreet (D:15)
  2 polar bears (IceCv)
  3 blink frogs
  2 slime creatures (D:13)
  2 basilisks
  6 yaks
  4 humans (D:14)
  A steam dragon (Lair:6)
  2 acid dragons
  A water moccasin (Lair:6)
  2 porcupines
  A swamp drake (Lair:6)
  2 wolves (IceCv)
  An ogre (D:8)
  A centaur (D:8)
  2 crocodiles (Lair:6)
  A big kobold (D:8)
  2 bullfrogs
  2 wights (D:15)
  A howler monkey (D:8)
  2 crimson imps
  A jelly (D:8)
  3 iguanas (Lair:6)
  A worker ant (D:12)
  2 orcs
  A frilled lizard (Lair:2)
  A kobold (D:8)
  28 ballistomycete spores
102 creatures vanquished.

Vanquished Creatures (others)
  A bush (Lair:5)
  34 fungi
  30 plants
65 creatures vanquished.

Grand Total: 739 creatures vanquished

Notes
Turn   | Place    | Note
-------+----------+-------------------------------------------
     0 | D:1      | Flugkiller the Octopode Wanderer began the quest for the
                  | Orb.
     0 | D:1      | Flugkiller set off with the following items: a +0 spear, a
                  | potion of lignification, 2 throwing nets, a ration
     0 | D:1      | Reached XP level 1. HP: 14/14 MP: 1/1
   133 | D:1      | Reached XP level 2. HP: 18/19 MP: 2/2
   514 | D:1      | Reached XP level 3. HP: 17/24 MP: 3/3
  1199 | D:2      | Reached XP level 4. HP: 26/30 MP: 4/4
  1492 | D:2      | Found a white marble altar of Elyvilon.
  2480 | D:3      | Reached XP level 5. HP: 33/36 MP: 5/5
  2597 | D:3      | Learned a level 1 spell: Confusing Touch
  3384 | D:2      | Reached skill level 1 in Hexes
  3444 | D:3      | Reached skill level 1 in Spellcasting
  3586 | D:3      | Reached XP level 6. HP: 31/43 MP: 7/7
  3803 | D:3      | Found a runed translucent gate.
  3803 | D:3      | Found a runed translucent gate.
  3803 | D:3      | Found a runed translucent gate.
  3804 | D:3      | Noticed Error4North's ghost (amateur HOFi)
  4734 | D:4      | Reached skill level 2 in Dodging
  4764 | D:4      | Found a shadowy altar of Dithmenos.
  4801 | D:4      | Found a shimmering blue altar of Sif Muna.
  4999 | D:5      | Entered Level 5 of the Dungeon
  5017 | D:5      | Noticed Ijyb
  5105 | D:5      | Reached skill level 3 in Dodging
  5105 | D:5      | Reached XP level 7. HP: 47/48 MP: 8/8
  5420 | D:5      | Reached skill level 4 in Dodging
  5767 | D:5      | Reached skill level 5 in Dodging
  5773 | D:5      | Found a staircase to the Ecumenical Temple.
  5901 | Temple   | Entered the Ecumenical Temple
  6048 | Temple   | Became a worshipper of Fedhas Madash
  6196 | D:6      | Found a burning altar of Makhleb.
  6196 | D:6      | Found an ancient bone altar of Kikubaaqudgha.
  6241 | D:6      | Reached XP level 8. HP: 38/54 MP: 9/9
  6255 | D:6      | Found a stormy altar of Qazlal.
  6725 | D:6      | Found a glowing drain.
  6735 | Sewer    | Entered a sewer
  6756 | Sewer    | Reached * piety under Fedhas
  6943 | Sewer    | Found an ancient bone altar of Kikubaaqudgha.
  6947 | Sewer    | Reached skill level 5 in Fighting
  6961 | Sewer    | Reached skill level 5 in Polearms
  6961 | Sewer    | Reached skill level 6 in Dodging
  7011 | Sewer    | Noticed Grinder
  7013 | Sewer    | Paralysed by Grinder for 5 turns
  7045 | Sewer    | Killed Grinder
  7396 | D:6      | Reached ** piety under Fedhas
  7396 | D:6      | Reached XP level 9. HP: 49/62 MP: 10/10
  7552 | D:6      | Noticed Pikel
  7565 | D:6      | Killed Pikel
  7565 | D:6      | Reached skill level 7 in Dodging
  7565 | D:6      | Reached skill level 1 in Invocations
  7565 | D:6      | Reached skill level 1 in Evocations
  9748 | D:7      | Found a shattered altar of Ashenzari.
 10031 | D:7      | Learned a level 1 spell: Animate Skeleton
 10222 | D:8      | Reached skill level 1 in Necromancy
 10259 | D:8      | Reached *** piety under Fedhas
 10259 | D:8      | Reached XP level 10. HP: 43/71 MP: 11/13
 10763 | D:8      | Reached skill level 8 in Dodging
 10836 | D:8      | Identified a scroll of acquirement
 11199 | D:8      | Found Nomp's Antique Armour Boutique.
 11358 | D:9      | Noticed Psyche
 11371 | D:9      | Found a sacrificial altar of Ru.
 11425 | D:9      | Found a shadowy altar of Dithmenos.
 11486 | D:9      | Found Tugaas's Weapon Emporium.
 11632 | D:9      | Noticed a two-headed ogre
 11664 | D:9      | Killed a two-headed ogre
 11664 | D:9      | Reached skill level 5 in Invocations
 11664 | D:9      | Reached skill level 5 in Evocations
 11684 | D:9      | Noticed a six-headed hydra
 11720 | D:9      | Killed a six-headed hydra
 11937 | D:9      | Found a staircase to the Lair.
 11985 | D:9      | Noticed a tengu warrior
 12071 | D:9      | Paralysed by Psyche for 3 turns
 12083 | D:9      | Killed Psyche
 12083 | D:9      | Reached skill level 9 in Dodging
 12256 | D:9      | Got a bloodstained quarterstaff
 12257 | D:9      | Identified the +5 quarterstaff "Zorepp" {antimagic, rElec
                  | rC++} (You found it on level 9 of the Dungeon)
 12611 | Lair:1   | Entered Level 1 of the Lair of Beasts
 12611 | Lair:1   | Noticed a seven-headed hydra
 12629 | Lair:1   | Killed a seven-headed hydra
 12629 | Lair:1   | Reached XP level 11. HP: 77/77 MP: 1/14
 12684 | Lair:1   | Noticed Joseph
 12689 | Lair:1   | Killed Joseph
 12703 | Lair:1   | Found a stormy altar of Qazlal.
 13260 | Lair:1   | Noticed a five-headed hydra
 13450 | Lair:1   | Killed a five-headed hydra
 13450 | Lair:1   | Reached skill level 10 in Dodging
 13731 | Lair:2   | Learned a level 3 spell: Vampiric Draining
 13849 | Lair:2   | Noticed a four-headed hydra
 14508 | Lair:1   | Reached skill level 5 in Necromancy
 15831 | Lair:2   | Reached skill level 5 in Spellcasting
 17035 | Lair:3   | Reached skill level 11 in Dodging
 17040 | Lair:3   | Reached **** piety under Fedhas
 17045 | Lair:3   | Reached XP level 12. HP: 43/82 MP: 3/19
 17469 | Lair:3   | Learned a level 5 spell: Agony
 17474 | Lair:3   | Learned a level 4 spell: Animate Dead
 17558 | Lair:3   | Noticed a seven-headed hydra
 17590 | Lair:3   | Killed a seven-headed hydra
 17612 | Lair:3   | Noticed a four-headed hydra
 17633 | Lair:3   | Killed a four-headed hydra
 18754 | Lair:3   | Got a warped scimitar
 18979 | Lair:4   | Noticed a six-headed hydra
 18994 | Lair:4   | Found a staircase to the Swamp.
 19556 | Lair:3   | Identified the +7 scimitar "Nuhaum" {slice, rPois Str+2
                  | Dex-3} (You found it on level 3 of the Lair of Beasts)
 21234 | Lair:4   | Reached skill level 10 in Necromancy
 21859 | Lair:4   | Found a hole to the Spider Nest.
 22293 | Lair:4   | Killed a six-headed hydra
 22293 | Lair:4   | Reached XP level 13. HP: 88/88 MP: 16/20
 23060 | Lair:5   | Learned a level 3 spell: Ozocubu's Armour
 23065 | Lair:5   | Learned a level 4 spell: Summon Lightning Spire
 23432 | Lair:5   | Found a staircase to the Slime Pits.
 23862 | Lair:5   | Reached skill level 1 in Summonings
 23862 | Lair:5   | Reached skill level 1 in Air Magic
 24772 | Lair:6   | Entered Level 6 of the Lair of Beasts
 26441 | Lair:4   | Reached skill level 10 in Polearms
 27685 | D:9      | Bought the +8 spear "Banisher" {freeze, rPois Int+2} for
                  | 851 gold pieces
 28888 | Lair:6   | Noticed a fire dragon
 28900 | Lair:6   | Killed a fire dragon
 29314 | Lair:6   | Noticed a dire elephant
 29382 | Lair:6   | Reached XP level 14. HP: 64/94 MP: 7/25
 29564 | Lair:6   | Killed a dire elephant
 30266 | Lair:6   | Noticed a dire elephant
 30515 | Lair:6   | Killed a dire elephant
 31166 | D:10     | Entered Level 10 of the Dungeon
 31175 | D:10     | Found an opulent altar of Gozag.
 31796 | D:10     | Reached ***** piety under Fedhas
 31960 | D:10     | Learned a level 2 spell: Swiftness
 31964 | D:11     | Found a staircase to the Orcish Mines.
 32386 | D:11     | Reached skill level 5 in Ice Magic
 33020 | D:11     | Found a blossoming altar of Fedhas.
 33501 | D:12     | Noticed Rupert
 33702 | D:12     | Found Luibloith's Gadget Emporium.
 33709 | D:12     | Bought a wand of paralysis (12) for 168 gold pieces
 33920 | D:12     | Reached skill level 5 in Air Magic
 34563 | D:13     | Found a frozen archway.
 34575 | IceCv    | Entered an ice cave
 34580 | IceCv    | Reached skill level 5 in Summonings
 35127 | IceCv    | Noticed a frost giant
 35571 | IceCv    | Killed a frost giant
 37221 | D:13     | Learned a level 5 spell: Summon Mana Viper
 37902 | D:13     | Got a bloodstained hand crossbow
 37910 | D:13     | Identified the +4 hand crossbow of Scorn {penet, MR+} (You
                  | found it on level 13 of the Dungeon)
 37964 | D:13     | Found the +4 robe of Augmentation {Str+4 Int+4 Dex+4}
 38022 | D:13     | Paralysed by a hornet for 1 turns
 38153 | D:14     | Found a gate to the Vaults.
 38153 | D:14     | Noticed Urug
 38483 | D:14     | Reached XP level 15. HP: 92/100 MP: 4/27
 38912 | D:14     | Reached ****** piety under Fedhas
 39182 | D:14     | Killed Urug
 39498 | D:14     | Gained mutation: Your spells are a little harder to cast,
                  | but a little more powerful. [potion of mutation]
 39498 | D:14     | Gained mutation: You are somewhat resistant to further
                  | mutation. [potion of mutation]
 39510 | D:15     | Entered Level 15 of the Dungeon
 40975 | D:15     | Killed from afar by an ogre mage

Levels and vault maps discovered:
D:1:      lightli_arrival_flooded_house, layout_rooms
D:2:      layout_basic, lemuel_doored_altar
D:3:      layout_rooms, gammafunk_ghost_necromancy
D:4:      layout_rooms, nicolae_overflow_hidden_temple,
          nicolae_dithmenos_through_a_glass_darkly
D:5:      layout_gridville, minmay_temple_entry_oklob, first_ration,
          okawaru_altar_gauntlet_db, uniq_ijyb
D:6:      layout_loops_ring, nicolae_qazlal_general_emergency,
          gammafunk_temple_overflow_pools, lightli_sewer_entry_pipes,
          st_stairs_14, uniq_pikel
D:7:      layout_basic, ashenzari_altar_1
D:8:      layout_basic, serial_shops, kennysheep_mini_moat
D:9:      layout_loops_cross, overflow_temple_1_default, lair_entry_dummy,
          serial_shops, shop, the_bakery, nicolae_ru_the_path_less_chosen,
          uniq_psyche
D:10:     cheibrodos_barr_body, layout_basic, grunt_gozag_breadcrumbs
D:11:     layout_basic, orc_0_dummy, fedhas_altar_fruit_tree
D:12:     layout_cave_pods, serial_shops, shop, uniq_rupert
D:13:     layout_roguey, portal_ice_cave_entry_pillars_1
D:14:     layout_long_grid, david_vaults_3, solitary_fountain
D:15:     grunt_enter_depths_magical_seal, layout_basic,
          minmay_misc_feat_columns
Temple:   eino_temple_rhombus
Lair:1:   layout_gridlike, basic_altar, uniq_joseph
Lair:2:   layout_gridlike, grunt_megastairs_3, lemuel_fruit_tree
Lair:3:   layout_loops_ring, chequers_serial_rivers_micro_a,
          infiniplex_staircase_pool, serial_bayou_shore_a
Lair:4:   layout_regular_city, swamp_mist_pool,
          nicolae_spider_entry_orb_guardian, lightli_volcano_entry_magma_tube,
          chequers_serial_rivers_small_3, minmay_lair_drake_nest,
          lemuel_fruit_fields
Lair:5:   layout_regular_city, dpeg_slime_entry_corner, serial_bayou_shore_b,
          infiniplex_staircase_pool_2, grunt_megastairs_1
Lair:6:   hangedman_lair_in_review, layout_big_grid, guppyfry_lair_end_dragon

Skill      XL: |  1  2  3  4  5  6  7  8  9 10 11 12 13 14 15 |
---------------+----------------------------------------------+-----
Stealth        | 2 4 |  4.1
Fighting       | 3 4 5 7 8 9 |  9.2
Polearms       | 3 4 5 6 9 10 | 10.8
Hexes          | 1 2 3 |  3.7
Spellcasting   | 1 2 5 7 8 |  8.6
Dodging        | 3 5 6 7 9 11 | 11.7
Invocations    | 4 5 7 9 |  9.6
Evocations     | 4 5 |  5.1
Necromancy     | 1 3 6 10 | 10.0
Summonings     | 3 5 6 |  6.3
Air Magic      | 3 5 |  5.5
Ice Magic      | 4 5 |  5.7
Throwing       | |  1.0
Transmutations | |  2.0

Action                   |  1- 3 |  4- 6 |  7- 9 | 10-12 | 13-15 || total
-------------------------+-------+-------+-------+-------+-------++-------
Melee: Spear             |    84 |   153 |   477 |    52 |   755 ||  1521
       Constrict         |    17 |    26 |    81 |    57 |    97 ||   278
       Tentacles         |    10 |    22 |   109 |   109 |   207 ||   457
       Unarmed           |       |    10 |     3 |       |       ||    13
       Glaive            |       |       |       |   388 |   149 ||   537
       Quarterstaff      |       |       |       |    60 |       ||    60
 Fire: Hand crossbow     |       |       |       |       |     1 ||     1
Throw: Dart              |     2 |    24 |    12 |     2 |       ||    40
       Boomerang         |       |    23 |     2 |    14 |    17 ||    56
 Cast: Confusing Touch   |       |       |    14 |    32 |    10 ||    56
       Animate Skeleton  |       |       |     4 |    45 |   101 ||   150
       Vampiric Draining |       |       |       |    48 |    97 ||   145
       Agony             |       |       |       |    21 |    74 ||    95
       Ozocubu's Armour  |       |       |       |       |    12 ||    12
       Summon Lightning  |       |       |       |       |    39 ||    39
       Animate Dead      |       |       |       |       |    12 ||    12
Invok: Wall of Briars    |       |       |       |     6 |     1 ||     7
       Grow Ballistomyce |       |       |       |     5 |     3 ||     8
Evoke: Wand              |       |       |     4 |    27 |    11 ||    42
       Lightning rod     |       |       |       |       |     3 ||     3
  Use: Scroll            |       |     8 |       |    16 |    14 ||    38
       Potion            |       |     1 |     1 |     9 |     9 ||    20
 Stab: Sleeping          |     9 |     7 |    19 |    12 |    29 ||    76
       Confused          |       |       |    12 |    16 |     5 ||    33
       Distracted        |       |       |       |     4 |    12 ||    16
       Petrified         |       |       |       |       |     2 ||     2
       Paralysed         |       |       |       |       |     2 ||     2
  Eat: Chunk             |     1 |    12 |    11 |    27 |    57 ||   108
       Ration            |       |       |     2 |     7 |    10 ||    19
Armor: Skin              |     7 |    36 |    12 |    47 |    37 ||   139
Dodge: Dodged            |    28 |    79 |   212 |   602 |   786 ||  1707

Table legend:
 A = Non-vault XP
 B = Vault XP
 C = Vault XP percentage of total XP
 D = Non-vault monster count
 E = Vault monster count
 F = Vault count percentage of total count
                 A         B        C        D         E       F
            +---------+---------+-------+---------+---------+-------
      Total |   69305 |   33731 |  32.7 |     477 |     165 |  25.7
            +---------+---------+-------+---------+---------+-------
        D:1 |      52 |       0 |   0.0 |      22 |       0 |   0.0
        D:2 |     143 |       0 |   0.0 |      27 |       0 |   0.0
        D:3 |     176 |       0 |   0.0 |      33 |       0 |   0.0
        D:4 |     227 |       0 |   0.0 |      14 |       0 |   0.0
        D:5 |     413 |      66 |  13.8 |       9 |       3 |  25.0
        D:6 |     668 |     715 |  51.7 |      23 |      10 |  30.3
        D:7 |     990 |       0 |   0.0 |      30 |       0 |   0.0
        D:8 |    1524 |       0 |   0.0 |      26 |       0 |   0.0
        D:9 |    2129 |     654 |  23.5 |      15 |       2 |  11.8
       D:10 |    1102 |     743 |  40.3 |       8 |      10 |  55.6
       D:11 |    3098 |       0 |   0.0 |      26 |       0 |   0.0
       D:12 |    3637 |       0 |   0.0 |      29 |       0 |   0.0
       D:13 |    7506 |       0 |   0.0 |      28 |       0 |   0.0
       D:14 |    2201 |    5161 |  70.1 |      14 |      20 |  58.8
       D:15 |    8529 |    1855 |  17.9 |      29 |       5 |  14.7
     Lair:1 |    5012 |     223 |   4.3 |      23 |       1 |   4.2
     Lair:2 |    4564 |      93 |   2.0 |      18 |       1 |   5.3
     Lair:3 |    8599 |       0 |   0.0 |      39 |       0 |   0.0
     Lair:4 |    5669 |    2378 |  29.6 |      19 |       6 |  24.0
     Lair:5 |    6733 |     710 |   9.5 |      24 |       3 |  11.1
     Lair:6 |    6333 |   13384 |  67.9 |      21 |      37 |  63.8
      Sewer |       0 |     762 | 100.0 |       0 |      33 | 100.0
      IceCv |       0 |    6987 | 100.0 |       0 |      34 | 100.0
            +---------+---------+-------+---------+---------+-------
